 Dungeon Crawl Stone Soup version 0.32-a0-931-g5a2cda0630 (webtiles) character file.

Game seed: 16850365810205384212

92 Meejax the Slasher (level 4, 0/49 HPs)
             Began as a Demonspawn Gladiator on Apr 13, 2024.
             Incinerated by a bombardier beetle (2 damage)
             ... with a burning spray
             ... on level 2 of the Dungeon.
             The game lasted 00:02:58 (1463 turns).

Meejax the Slasher (Demonspawn Gladiator)           Turns: 1463, Time: 00:02:59

Health: 0/49       AC: 22    Str: 17    XL:     4   Next: 35%
Magic:  4/4        EV:  2    Int:  8    God:
Gold:   68         SH:  0    Dex: 14    Spells: 3/3 levels left

rFire   + . .        a - +1 long sword
rCold   + . .        (no shield)
rNeg    . . .        n - melded +2 leather armour {rC+}
rPois   +            c - melded +0 helmet
rElec   +            (cloak currently unavailable)
rCorr   +            (gloves currently unavailable)
SInv    .            (boots currently unavailable)
Will    +....        o - amulet of the acrobat
Stlth   +            h - ring of flight
HPRegen 0.28/turn    k - ring of willpower
MPRegen 0.09/turn

%: acrobat
@: mighty, on fire, tree-form, resistant, hasted, glowing, very quick
A: stationary, stasis, torment immunity, boosted hp, (molten scales 1), demonic
guardian 1, condensation shield
a: no special abilities


You were on level 2 of the Dungeon.
You were a tree.
You visited 1 branch of the dungeon, and saw 2 of its levels.

You collected 68 gold pieces.

Inventory:

Hand Weapons
 a - a +1 long sword (weapon)
Missiles
 d - 3 throwing nets (quivered)
 e - a javelin
Armour
 b - a +0 leather armour
 c - a +0 helmet (melded)
 n - a +2 leather armour of cold resistance (melded)
Jewellery
 h - a ring of flight (left branch)
 k - a ring of willpower (right branch)
 o - an amulet of the acrobat (around neck)
Scrolls
 q - a scroll of amnesia {unknown}
Potions
 g - a potion of resistance
 j - a potion of might


   Skills:
 + Level 2.2 Fighting
 + Level 3.5 Long Blades
 + Level 1.8 Throwing
 + Level 1.7 Armour
 + Level 3.2 Dodging
 + Level 0.2 Stealth
 + Level 0.3 Shields


You had 3 spell levels left.
You didn't know any spells.
Your spell library contained the following spells:

 Spells                   Type           Power      Damage    Failure   Level
 Magic Dart               Conj           0%         1d3       41%         1
 Necrotise                Necr           0%         1d4       41%         1
 Blink                    Tloc           0%         N/A       54%         2
 Call Imp                 Summ           0%         N/A       54%         2
 Dazzling Flash           Conj/Hex       0%         N/A       78%         3
 Mephitic Cloud           Conj/Alch/Air  0%         N/A       78%         3
 Vampiric Draining        Necr           0%         2d6       78%         3
 Martyr's Knell           Necr/Summ      0%         N/A       99%         4
 Curse of Agony           Necr           0%         N/A       100%        5
 Silence                  Hex/Air        0%         N/A       100%        5


Dungeon Overview and Level Annotations

Branches:
Dungeon (2/15)

Altars:


Innate Abilities, Weirdness & Mutations

You are a tree.
Your roots penetrate the ground, keeping you stationary.
You cannot be teleported.
You are immune to unholy pain and torment.
Your maximum health is greatly increased.
Your equipment is partially melded.
((You are partially covered in molten scales. (AC +2)))
A weak demonic guardian rushes to your aid.
A meltable shield of frost defends you. (SH +0)


Message History

The liquid fire burns you!
* * * LOW HITPOINT WARNING * * *
The ribbon worm bites you.
* * * LOW HITPOINT WARNING * * *
The bombardier beetle sprays incendiary fluid at you.
The burning spray hits you.
You are even more covered in liquid fire!
You hit the bombardier beetle.
The bombardier beetle is moderately wounded.
The liquid fire burns you!
* * * LOW HITPOINT WARNING * * *
You slash the bombardier beetle!
You kill the bombardier beetle!
The liquid fire burns you!
* * * LOW HITPOINT WARNING * * *
The ribbon worm expels a string of sticky webbing.
The stream of webbing hits you but does no damage.
You are caught in a web!
Your Armour skill increases to level 1!
You have reached level 4!
You feel stronger.
Your demonic ancestry asserts itself...
You feel the presence of a demonic guardian.
The liquid fire burns you!
You slice the ribbon worm!!
You kill the ribbon worm!
The liquid fire burns you!
* * * LOW HITPOINT WARNING * * *
A demonic guardian appears!
You are on fire!
You are on fire!
Okay, then.
As you read the scroll labelled PIUFUSHEFO, it dissolves into smoke.
It was a scroll of fog.
The liquid fire burns you!
* * * LOW HITPOINT WARNING * * *
As you read the scroll labelled HIQUMN VUMAS, it crumbles to dust.
It is a scroll of enchant weapon.
Your +0 long sword glows red for a moment.
The liquid fire burns you!
You die...

.......######
#.........#
#...##..##
#.........#
..#####..#
#.........#
.##
##########
#.#########
..#####
.......##.#
.......#
.......#..#
..###.##
$#~~#.§#§##
..#
.~~~~5§§§#
###
.~~~~§§♣§#
.#~~#§§###
.!...§§
.......
#######


You could see a friendly white imp (summoned).

Vanquished Creatures
  A bombardier beetle (D:2)
  An adder (D:2)
  A ribbon worm (D:2)
  An orc (D:2)
  6 bats
  3 endoplasms
  A giant cockroach (D:2)
  6 goblins
  7 hobgoblins (D:1)
  5 quokkas (D:1)
  6 ball pythons
  2 frilled lizards
  3 kobolds (D:1)
  3 rats
46 creatures vanquished.

Notes
Turn   | Place    | Note
-------+----------+-------------------------------------------
     0 | D:1      | Meejax the Demonspawn Gladiator began the quest for the
                  | Orb.
     0 | D:1      | Reached XP level 1. HP: 16/16 MP: 1/1
   235 | D:1      | Gained mutation: You are partially covered in molten
                  | scales. (AC +2) [demonic ancestry]
   235 | D:1      | Reached XP level 2. HP: 22/22 MP: 2/2
   575 | D:1      | Gained mutation: A meltable shield of frost defends you.
                  | (SH +0) [demonic ancestry]
   575 | D:1      | Reached XP level 3. HP: 27/27 MP: 3/3
  1460 | D:2      | Reached skill level 1 in Armour
  1460 | D:2      | Gained mutation: A weak demonic guardian rushes to your
                  | aid. [demonic ancestry]
  1460 | D:2      | Reached XP level 4. HP: 5/33 MP: 4/4
  1462 | D:2      | HP: 2/49 [burnt (2)]
  1463 | D:2      | Incinerated by a bombardier beetle

Illustrated notes

Levels and vault maps discovered:
D:1:      kilobyte_arrival_exit_the_forest, layout_basic, amethyst_killhole,
          minivault_4
D:2:      layout_rooms, shapermc_ecumenical_altar_rom_forum,
          kennysheep_generic_room_6

Skill      XL: |  1  2  3 |
---------------+----------+-----
Long Blades    | 3 |  3.5
Dodging        | 3 |  3.2
Armour         | 1 |  1.7
Fighting       | |  2.2
Throwing       | |  1.8
Stealth        | |  0.2
Shields        | |  0.3

Action                     |  1- 3 |  4- 6 || total
---------------------------+-------+-------++-------
  Melee: Long sword        |   125 |     1 ||   126
    Use: Potion            |     5 |       ||     5
         Scroll            |       |     2 ||     2
   Stab: Sleeping          |     1 |       ||     1
 Armour: Leather armour    |    64 |       ||    64
         Skin              |     3 |       ||     3
  Dodge: Dodged            |   118 |       ||   118
  Block: Other             |    18 |       ||    18

Table legend: (Time is in decaauts)
 A = Elapsed time spent in this place.
 B = Non-inter-level travel time spent in this place.
 C = Inter-level travel time spent in this place.
 D = Time resting spent in this place.
 E = Time spent auto-exploring this place.
 F = Levels seen in this place.
 G = Mean time per level.
                   A        B        C        D        E       F      G
               +--------+--------+--------+--------+--------+-----+--------+
         Total |   1493 |   1451 |     42 |      0 |   1044 |   2 |  746.5 |
       Dungeon |   1493 |   1451 |     42 |      0 |   1044 |   2 |  746.5 |
               +--------+--------+--------+--------+--------+-----+--------+

Top non-repeatable levels by time:
     D:1: 1135 daAuts
     D:2: 357 daAuts
